 Dungeon Crawl Stone Soup version 0.30.0-29-ga12c61a403 (webtiles) character file.

Game seed: 18391682948697390431

4217 seaoflcl the Basher (level 10, -7/86 HPs)
             Began as a Minotaur Fighter on June 6, 2023.
             Was an Elder of Okawaru.
             Mangled by a purple very ugly thing (11 damage)
             ... on level 3 of the Abyss.
             The game lasted 00:15:44 (8108 turns).

seaoflcl the Basher (Minotaur Fighter)              Turns: 8108, Time: 00:15:45

Health: -7/86      AC: 18    Str: 26    XL:     10   Next: 9%
Magic:  9/9        EV:  7    Int:  5    God:    Okawaru [****..]
Gold:   525        SH:  7    Dex:  9    Spells: 9/9 levels left

rFire   + . .        j - +1 mace (holy)
rCold   . . .        i - +2 buckler
rNeg    . . .        D - +0 plate armour
rPois   .            (helmet restricted)
rElec   .            (no cloak)
rCorr   .            d - +0 pair of gloves
SInv    .            F - +2 pair of boots
Will    .....        t - amulet of faith Stlth
                     w - ring of protection from fire
HPRegen 0.34/turn    (no ring)
MPRegen 0.11/turn

%: faith
@: mighty
A: horns 2, retaliatory headbutt
a: Renounce Religion, Heroism, Finesse


You were on level 3 of the Abyss.
You worshipped Okawaru.
Okawaru was greatly pleased with you.
You visited 1 branch of the dungeon, and saw 8 of its levels.
You visited the Abyss 1 time.

You collected 525 gold pieces.

Inventory:

Hand Weapons
 a - a +0 war axe
 j - a +1 mace of holy wrath (weapon)
 n - a +3 heavy spear
 o - a +2 short sword of draining
 q - a +0 sling
 O - a +4 spear of freezing
Missiles
 s - 27 poisoned darts (quivered)
 M - 3 datura-tipped darts
Armour
 d - a +0 pair of gloves (worn)
 i - a +2 buckler (worn)
 D - a +0 plate armour (worn)
 F - a +2 pair of boots (worn)
Jewellery
 t - an amulet of faith (around neck)
 w - a ring of protection from fire (left hand)
 J - a ring of see invisible
 N - a ring of fire
 P - a ring of fire
Scrolls
 b - 2 scrolls of silence
 c - 3 scrolls of fear {unknown}
 g - 6 scrolls of teleportation
 h - a scroll of enchant armour {unknown}
 k - a scroll of vulnerability {unknown}
 l - a scroll of poison {unknown}
 u - a scroll of noise {unknown}
 y - a scroll of magic mapping {unknown}
 B - 2 scrolls of torment {unknown}
 E - 2 scrolls of brand weapon {unknown}
 G - 2 scrolls of amnesia {unknown}
 L - a scroll of identify
Potions
 e - a potion of brilliance
 f - a potion of resistance
 m - a potion of attraction {unknown}
 p - 6 potions of curing
 r - a potion of haste {unknown}
 x - a potion of degeneration {unknown}
 z - a potion of cancellation {unknown}
 A - a potion of berserk rage {unknown}
 H - 2 potions of ambrosia {unknown}
 I - a potion of lignification {unknown}


   Skills:
 + Level 7.6 Fighting
 - Level 3.3(6.7) Axes
 * Level 9.2(9.5) Maces & Flails
 + Level 5.6 Ranged Weapons
 + Level 4.8 Throwing
 + Level 7.7 Armour
 + Level 7.7 Shields


You had 9 spell levels left.
You didn't know any spells.
Your spell library contained the following spells:

 Spells                   Type           Power      Damage    Failure   Level
 Vhi's Electric Charge    Tloc/Air       0%         N/A       100%        3
 Volatile Blastmotes      Fire/Tloc      0%         2d10      100%        3
 Fulminant Prism          Conj/Hex       0%         3d5       100%        4
 Iskenderun's Mystic Bla  Conj/Tloc      0%         2d3       100%        4
 Arcjolt                  Conj/Air       0%         1d10      100%        5
 Lee's Rapid Deconstruct  Erth           0%         3d4*      100%        5
 Plasma Beam              Fire/Air       0%         2x1d11    100%        6


Dungeon Overview and Level Annotations

Branches:
Dungeon (8/15)             Temple (0/1) D:5
   Lair: D:8-11

Altars:
Ashenzari
Dithmenos
Gozag
Makhleb
Nemelex Xobeh
Okawaru
Trog
Vehumet

Shops:
D:7 !

Annotations:
D:2 1 runed translucent door, Crazy Yiuf
D:4 1 runed translucent door, Irreverend's ghost, amateur GrEE
D:8 Psyche


Innate Abilities, Weirdness & Mutations

You have a pair of horns on your head.
You reflexively headbutt those who attack you in melee.


Message History

The small abomination hits you but does no damage.
You are too injured to fight recklessly!
You sock the white very ugly thing! You headbutt the white very ugly thing.
The white very ugly thing is moderately wounded.
You hear a horrible gurgling sound!
The white very ugly thing claws you but does no damage.
The small abomination hits you!
* * * LOW HITPOINT WARNING * * *
You hit the white very ugly thing.
Your headbutt misses the white very ugly thing.
The white very ugly thing is moderately wounded.
The white very ugly thing claws you but does no damage.
You sock the white very ugly thing!
The white very ugly thing is moderately wounded.
The small abomination hits you!
* * * LOW HITPOINT WARNING * * *
The white very ugly thing basks in the mutagenic energy from its kin and changes!
A purple very ugly thing comes into view.
Unknown command.
You barely miss the purple very ugly thing.
The purple very ugly thing is moderately wounded.
You block the small abomination's attack.
You sock the purple very ugly thing!
The purple very ugly thing is heavily wounded.
The small abomination hits you but does no damage.
You barely miss the purple very ugly thing.
Your headbutt misses the purple very ugly thing.
The purple very ugly thing is heavily wounded.
The purple very ugly thing trunk-slaps you.
* * * LOW HITPOINT WARNING * * *
The small abomination hits you.
* * * LOW HITPOINT WARNING * * *
You barely miss the purple very ugly thing.
The purple very ugly thing is heavily wounded.
You block the purple very ugly thing's attack.
The small abomination hits you but does no damage.
You thump the purple very ugly thing!
The purple very ugly thing is heavily wounded.
The purple very ugly thing trunk-slaps you!
You die...

#....... .. .# . . #
.. ... #. u # #. # .
... #.# . ## .
#.##....... ##. ...
. .....
....##.#...... ..
#.#.#..... #...
...... #....... .u.#
. ... ..
.##....#######...###
. #...uuu@x.+ #.. ..
. ##.#.###### #####
#. .. . .### .. ###


You could see 3 very ugly things and a small abomination.

Vanquished Creatures
  A hornet (D:8)
  Prince Ribbit (D:5)
  A shadow (D:8)
  10 yaks (D:7)
  An orc warrior (D:8)
  3 sky beasts
  A kobold brigand (D:8)
  A bullfrog (D:7)
  3 scorpions
  3 gnoll sergeants
  3 wights
  A howler monkey (D:7)
  5 hounds
  4 orc priests
  2 gnoll boudas
  A jelly (D:6)
  A sleepcap (D:7)
  7 iguanas
  Natasha (thrice) (D:3)
  5 orc wizards
  2 hell rats (D:8)
  11 adders
  15 gnolls
  A river rat (D:8)
  A shadow imp (D:6)
  An ufetubus (D:6)
  3 dart slugs
  A worm (D:2)
  22 orcs
  10 endoplasms
  2 giant cockroaches
  10 goblins
  4 hobgoblins
  6 jackals
  12 kobolds
  6 quokkas
  7 ball pythons
  9 bats
  5 frilled lizards
  14 rats
199 creatures vanquished.

Vanquished Creatures (others)
  2 rats (D:8)
2 creatures vanquished.

Grand Total: 201 creatures vanquished

Notes
Turn   | Place    | Note
-------+----------+-------------------------------------------
     0 | D:1      | seaoflcl the Minotaur Fighter began the quest for the Orb.
     0 | D:1      | Reached XP level 1. HP: 19/19 MP: 0/0
   170 | D:1      | Reached XP level 2. HP: 24/27 MP: 1/1
   553 | D:1      | Reached XP level 3. HP: 33/33 MP: 2/2
   982 | D:2      | Found a runed translucent door.
   983 | D:2      | Noticed Crazy Yiuf
  1095 | D:2      | Reached skill level 1 in Maces & Flails
  1214 | D:2      | Reached XP level 4. HP: 40/40 MP: 3/3
  1573 | D:2      | Found a faded altar of an unknown god.
  1949 | D:3      | Found the +4 robe of Augmentation {Str+4 Int+4 Dex+4}
  1972 | D:3      | Noticed Natasha
  1975 | D:3      | Killed Natasha
  1976 | D:3      | Reached skill level 2 in Maces & Flails
  2081 | D:3      | Found a radiant altar of Vehumet.
  2081 | D:3      | Found a broken altar of Ashenzari.
  2089 | D:3      | Found a burning altar of Makhleb.
  2094 | D:3      | Found an opulent altar of Gozag.
  2097 | D:3      | Found a bloodstained altar of Trog.
  2102 | D:3      | Found a shadowy altar of Dithmenos.
  2178 | D:3      | Noticed Natasha
  2182 | D:3      | Killed Natasha
  2183 | D:3      | Reached skill level 1 in Ranged Weapons
  2183 | D:3      | Reached XP level 5. HP: 38/47 MP: 4/4
  2246 | D:3      | Noticed Natasha
  2256 | D:3      | Killed Natasha
  2316 | D:3      | Reached skill level 3 in Maces & Flails
  2431 | D:3      | Reached XP level 6. HP: 19/53 MP: 5/5
  2915 | D:4      | Noticed a sky beast
  2927 | D:4      | Killed a sky beast
  2928 | D:4      | Reached skill level 5 in Fighting
  2928 | D:4      | Reached skill level 4 in Maces & Flails
  2928 | D:4      | Reached skill level 5 in Shields
  2989 | D:4      | Found a runed translucent door.
  2994 | D:4      | Noticed Irreverend's ghost (amateur GrEE)
  3043 | D:4      | Reached skill level 5 in Armour
  3045 | D:4      | Reached skill level 1 in Throwing
  3158 | D:4      | Found an iron altar of Okawaru.
  3189 | D:4      | Became a worshipper of Warmaster Okawaru
  3457 | D:5      | Entered Level 5 of the Dungeon
  3521 | D:5      | Reached XP level 7. HP: 49/61 MP: 6/6
  3638 | D:5      | HP: 3/61 [gnoll/+0 spear[a gnoll sergeant] (2)]
  4086 | D:5      | Noticed Prince Ribbit
  4104 | D:5      | Killed Prince Ribbit
  4104 | D:5      | Reached * piety under Okawaru
  4105 | D:5      | Reached skill level 5 in Maces & Flails
  4355 | D:5      | Found a staircase to the Ecumenical Temple.
  4439 | D:5      | Reached XP level 8. HP: 47/70 MP: 7/7
  4975 | D:6      | Reached ** piety under Okawaru
  5134 | D:6      | Reached skill level 6 in Maces & Flails
  5578 | D:6      | Found a sparkling altar of Nemelex Xobeh.
  5789 | D:7      | Reached *** piety under Okawaru
  5790 | D:7      | Reached skill level 7 in Maces & Flails
  5808 | D:7      | Reached XP level 9. HP: 38/78 MP: 8/8
  6166 | D:7      | Reached **** piety under Okawaru
  6167 | D:7      | Reached skill level 8 in Maces & Flails
  6180 | D:7      | Reached skill level 5 in Ranged Weapons
  6517 | D:7      | Found Qeutrog's Distillery.
  7362 | D:8      | Received a gift from Okawaru
  7941 | D:8      | Reached skill level 9 in Maces & Flails
  7956 | D:8      | Reached XP level 10. HP: 69/83 MP: 9/9
  8005 | D:8      | Noticed Psyche
  8025 | Abyss:2  | Cast into level 2 of the Abyss (Psyche)
  8033 | Abyss:2  | Found a corrupted altar of Lugonu.
  8039 | Abyss:2  | Noticed a sixfirhy
  8045 | Abyss:2  | HP: 1/86 [sixfirhy (10)]
  8082 | Abyss:3  | Noticed a purple very ugly thing
  8082 | Abyss:3  | Noticed a purple very ugly thing
  8083 | Abyss:3  | Noticed a purple ugly thing
  8083 | Abyss:3  | Noticed a purple very ugly thing
  8083 | Abyss:3  | Noticed a purple very ugly thing
  8103 | Abyss:3  | Noticed a purple very ugly thing
  8106 | Abyss:3  | HP: 3/86 [small abomination (6)]
  8108 | Abyss:3  | Mangled by a purple very ugly thing

Illustrated notes

Levels and vault maps discovered:
D:1:      minmay_arrival_radiant_lines, layout_basic
D:2:      layout_loops_cross, basic_ecumenical_altar, minmay_three_crescents,
          uniq_crazy_yiuf_cottage
D:3:      layout_loops_ring, nicolae_overflow_hallway_of_the_gods,
          nicolae_elevator_lobby_asterisk, uniq_natasha
D:4:      minmay_angry_zag, layout_basic, okawaru_altar_gauntlet_db,
          ebering_ghost_reflecting_pool
D:5:      layout_loops_corners, minmay_temple_entry_grid, nicolae_grassy_gnolls,
          uniq_prince_ribbit1
D:6:      layout_cave_pools, nemelex_spade_bored_becter
D:7:      layout_loops_ring, serial_shops, shop
D:8:      lemuel_ratsnest, layout_basic, uniq_psyche
Abyss:3:  base: D:8, evilmike_abyss_exit_15, spicy_abyss_helpful_harpoons

Skill      XL: |  1  2  3  4  5  6  7  8  9 |
---------------+----------------------------+-----
Axes           | 3 |  3.3
Shields        | 4 5 6 7 |  7.7
Fighting       | 4 5 6 7 |  7.6
Armour         | 4 5 6 7 |  7.7
Maces & Flails | 1 2 3 4 5 7 9 |  9.2
Ranged Weapons | 1 2 3 4 5 |  5.6
Throwing       | 1 2 3 4 |  4.8

Action                     |  1- 3 |  4- 6 |  7- 9 | 10-12 || total
---------------------------+-------+-------+-------+-------++-------
  Melee: War axe           |    55 |       |       |       ||    55
         Headbutt          |     7 |    16 |    54 |    10 ||    87
         Mace              |    51 |   135 |   324 |    58 ||   568
  Throw: Dart              |       |     3 |     3 |     2 ||     8
         Javelin           |       |       |    11 |       ||    11
    Use: Potion            |       |       |     7 |     3 ||    10
         Scroll            |       |       |     4 |       ||     4
 Armour: Scale mail        |     3 |       |       |       ||     3
         Chain mail        |    60 |    50 |       |       ||   110
         Plate armour      |       |    30 |   161 |    36 ||   227
  Dodge: Dodged            |    31 |    50 |    77 |     9 ||   167
  Block: Buckler           |    36 |    35 |   119 |    25 ||   215
